 Dungeon Crawl Stone Soup version 0.29-a0-993-g4a18f31a58 (webtiles) character file.

Game seed: 14455252773241061635

72 zeratav the Stinger (level 4, -2/27 HPs)
             Began as an Octopode Venom Mage on Aug 2, 2022.
             Slain by a hobgoblin (5 damage)
             ... on level 2 of the Dungeon.
             The game lasted 00:01:21 (1777 turns).

zeratav the Stinger (Octopode Venom Mage)           Turns: 1777, Time: 00:01:21

Health: -2/27      AC:  1    Str:  7    XL:     4   Next: 25%
Magic:  7/7        EV: 13    Int: 19    God:
Gold:   45         SH:  0    Dex: 12    Spells: 6/7 levels left

rFire   . . .      SeeInvis .   b - +0 dagger {short}
rCold   . . .      Faith    .   (no shield)
rNeg    . . .      Spirit   .   (helmet restricted)
rPois   .          Reflect  .   d - amulet of the acrobat
rElec   .          Harm     .   (no ring)
rCorr   .          Rampage  .   (no ring)
Will    .....                   (no ring)
Stlth   ++++......              (no ring)
HPRegen 0.09/turn               (no ring)
MPRegen 0.10/turn               (no ring)
                                (no ring)
                                (no ring)

@: no status effects
A: almost no armour, amphibious, 8 rings, camouflage 1, gelatinous body 1,
(nimble swimmer 1), tentacles
a: no special abilities


You were on level 2 of the Dungeon.
You visited 1 branch of the dungeon, and saw 2 of its levels.

You collected 45 gold pieces.


Innate Abilities, Weirdness & Mutations

You cannot wear most types of armour.
You are amphibious.
You can wear up to eight rings at the same time.
Your skin changes colour to match your surroundings (Stealth+).
Your rubbery body absorbs attacks. (AC +1, EV +1)
((You are camouflaged when in or above water. (Stealth+)))
You have tentacles for arms and can constrict up to eight enemies at once.


   Skills:
 - Level 2.0 Dodging
 + Level 4.8 Stealth
 - Level 2.0 Spellcasting
 - Level 1.0 Transmutations
 + Level 4.9 Poison Magic


You had 6 spell levels left.
You knew the following spells:

 Your Spells              Type           Power      Damage    Failure   Level
a - Sting                 Tmut/Pois      52%        1d5       4%          1

Your spell library contained the following spells:

 Spells                   Type           Power      Damage    Failure   Level
 Poisonous Vapours        Pois/Air       22%        N/A       10%         2
 Olgreb's Toxic Radiance  Pois           20%        N/A       22%         4
 Mephitic Cloud           Conj/Pois/Air  8%         N/A       26%         3

Inventory:

Hand Weapons
 b - a +0 dagger (weapon) {short}
   (You found it on level 1 of the Dungeon)
Jewellery
 d - an amulet of the acrobat (around mantle)
   (You found it on level 1 of the Dungeon)
Scrolls
 f - a scroll of identify {unknown}
Potions
 a - 3 potions of magic
 c - a potion of curing {unknown}
 e - 2 potions of haste {unknown}

Dungeon Overview and Level Annotations

Branches:
Dungeon (2/15) Zot: 10222

Altars:

##### #...
##########.#
#..........# .#
##.##.......###...#
####...#.#####g.)..#
#....#.......@##..##
#.##...#..###.# w.#
#.###.#...# #.# ..#
###.###.#.#.# #.#
... #.....#.#.#.#
#.# #>##
#.###.#.#.#.# #.# ..
#.# #...#.... ... ..
#.###.#####.. ... .#
#.....# #### .#


You could see a hobgoblin.


Message History

You hit the orc. You constrict the orc. The orc hits you with a +0 mace.
The orc misses you.
HP[-3]
You take 3 damage, and now have 23/27 hp.
You hit the orc.
You kill the orc!
The orc hits you with a +0 club.
HP[-2]
You take 2 damage, and now have 21/27 hp.
You closely miss the orc. You grab the orc.
You squeeze the orc, but do no damage. You constrict the orc.
The orc hits you with a +0 club. The orc closely misses you.
HP[-5]
You take 5 damage, and now have 16/27 hp.
You hit the orc. You squeeze the orc. You constrict the orc.
The orc completely misses you. The orc closely misses you.
You hit the orc but do no damage.
You constrict the orc, but do no damage.
The orc misses you. The orc barely misses you.
You hit the orc. You constrict the orc.
You kill the orc!
The orc hits you with a +0 club.
HP[-1]
You take 1 damage, and now have 15/27 hp.
You hit the orc but do no damage. Your grab misses the orc.
The orc barely misses you. The orc hits you but does no damage.
You hit the orc. You grab the orc. You squeeze the orc, but do no damage.
You constrict the orc. The orc barely misses you.
The orc hits you with a +0 club.
* * * LOW HITPOINT WARNING * * *
You are too injured to fight recklessly!
HP[-2]
You take 2 damage, and now have 13/27 hp.
You are too injured to fight recklessly!
You are too injured to fight recklessly!
You are too injured to fight recklessly!
You are too injured to fight recklessly!
You are too injured to fight recklessly!
You are too injured to fight recklessly!
You are too injured to fight recklessly!
You are too injured to fight recklessly!
You are too injured to fight recklessly!
You are too injured to fight recklessly!
You are too injured to fight recklessly!
You are too injured to fight recklessly!
You are too injured to fight recklessly!
You are too injured to fight recklessly!
You are too injured to fight recklessly!
You are too injured to fight recklessly!
You are too injured to fight recklessly!
You are too injured to fight recklessly!
You release your grip on the orc.
The orc attacks as you move away! The orc closely misses you.
You are too injured to fight recklessly!
You are too injured to fight recklessly!
You are too injured to fight recklessly!
You closely miss the orc. You grab the orc.
You constrict the orc, but do no damage.
The orc hits you with a +0 club.
* * * LOW HITPOINT WARNING * * *
HP[-4]
You take 4 damage, and now have 9/27 hp.
You hit the orc.
You constrict the orc, but do no damage.
The orc hits you but does no damage.
You hit the orc but do no damage. You constrict the orc. The orc misses you.
You completely miss the orc.
You constrict the orc, but do no damage.
The orc closely misses you.
You hit the orc.
You constrict the orc, but do no damage.
The orc barely misses you.
You hit the orc.
You constrict the orc, but do no damage.
The orc misses you.
You hit the orc but do no damage. You constrict the orc.
You kill the orc!
You hit the orc but do no damage. You grab the orc.
You constrict the orc, but do no damage.
The orc misses you.
You hit the orc. You constrict the orc.
You kill the orc!
The dart slug launches a dart at you. The slug dart hits you.
* * * LOW HITPOINT WARNING * * *
HP[-2]
You take 2 damage, and now have 7/27 hp.
You barely miss the orc. You grab the orc.
You constrict the orc, but do no damage.
The orc closely misses you.
You hit the orc. You constrict the orc.
You kill the orc!
You hit the hobgoblin but do no damage. Your grab misses the hobgoblin.
Your squeeze misses the hobgoblin. The hobgoblin hits you.
* * * LOW HITPOINT WARNING * * *
HP[-4]
You take 4 damage, and now have 3/27 hp.
You hit the hobgoblin. Your grab misses the hobgoblin.
Your squeeze misses the hobgoblin. The hobgoblin hits you.
You die...

Skill      XL: |  1  2  3 |
---------------+----------+-----
Stealth        | 3 4 |  4.8
Poison Magic   | 4 |  4.9
Dodging        | |  2.0
Spellcasting   | |  2.0
Transmutations | |  1.0

Action                   |  1- 3 |  4- 6 || total
-------------------------+-------+-------++-------
Melee: Dagger            |    69 |    36 ||   105
       Constrict         |    16 |     9 ||    25
       Unarmed           |     2 |       ||     2
       Tentacles         |     8 |     7 ||    15
       Punch             |     2 |     1 ||     3
 Cast: Sting             |     2 |       ||     2
 Stab: Sleeping          |     8 |       ||     8
Armor: Skin              |     2 |     3 ||     5
Dodge: Dodged            |    41 |    22 ||    63

Levels and vault maps discovered:
D:1:      lemuel_arrival_rhombus, layout_loops_ring
D:2:      layout_loops_ring, hellmonk_ecumenical_altar_watching_god

Notes
Turn   | Place    | Note
-------+----------+-------------------------------------------
     0 | D:1      | zeratav the Octopode Venom Mage began the quest for the
                  | Orb.
     0 | D:1      | Reached XP level 1. HP: 11/11 MP: 3/3
     0 | D:1      | magus.rc [v1.9.6]
   340 | D:1      | Reached skill level 3 in Stealth
   356 | D:1      | Reached XP level 2. HP: 14/17 MP: 5/5
   418 | D:1      | Reached skill level 4 in Poison Magic
   813 | D:1      | Reached XP level 3. HP: 17/21 MP: 6/6
   946 | D:1      | Reached skill level 4 in Stealth
  1486 | D:2      | Reached XP level 4. HP: 27/27 MP: 7/7
  1776 | D:2      | HP: 3/27 [hobgoblin (4)]
  1777 | D:2      | Slain by a hobgoblin

Vanquished Creatures
  2 adders (D:2)
  3 dart slugs
  5 orcs (D:2)
  3 ball pythons
  An endoplasm (D:1)
  2 giant cockroaches
  3 goblins (D:2)
  5 hobgoblins (D:1)
  7 kobolds
  3 quokkas (D:1)
  3 bats (D:1)
  2 rats (D:1)
39 creatures vanquished.

Table legend:
 A = Non-vault XP
 B = Vault XP
 C = Vault XP percentage of total XP
 D = Non-vault monster count
 E = Vault monster count
 F = Vault count percentage of total count
                 A         B        C        D         E       F
            +---------+---------+-------+---------+---------+-------
      Total |     103 |       0 |   0.0 |      39 |       0 |   0.0
            +---------+---------+-------+---------+---------+-------
        D:1 |      44 |       0 |   0.0 |      23 |       0 |   0.0
        D:2 |      59 |       0 |   0.0 |      16 |       0 |   0.0
            +---------+---------+-------+---------+---------+-------

Illustrated notes

Table legend:
 A = Kills in this place as a percentage of kills in entire the game.
 B = Kills by you in this place as a percentage of kills by you in the entire game.
 C = Kills by friends in this place as a percentage of kills by friends in the entire game.
 D = Other kills in this place as a percentage of other kills in the entire game.
 E = Experience gained in this place as a percentage of experience gained in the entire game.
 F = Experience gained in this place divided by the number of levels of this place that you have seen.
                   A       B       C       D       E      F
               +-------+-------+-------+-------+-------+----------------------
         Total | 100.0 | 100.0 |   N/A |   N/A | 100.0 |  51.5
       Dungeon | 100.0 | 100.0 |   N/A |   N/A | 100.0 |  51.5
               +-------+-------+-------+-------+-------+----------------------

Table legend: (Time is in decaauts)
 A = Elapsed time spent in this place.
 B = Non-inter-level travel time spent in this place.
 C = Inter-level travel time spent in this place.
 D = Time resting spent in this place.
 E = Time spent auto-exploring this place.
 F = Levels seen in this place.
 G = Mean time per level.
                   A        B        C        D        E       F      G
               +--------+--------+--------+--------+--------+-----+--------+
         Total |   1776 |   1742 |     34 |    186 |   1307 |   2 |  888.0 |
       Dungeon |   1776 |   1742 |     34 |    186 |   1307 |   2 |  888.0 |
               +--------+--------+--------+--------+--------+-----+--------+

Top non-repeatable levels by time:
     D:1: 1213 daAuts
     D:2: 562 daAuts
